| TOP OF THE 1ST |
|
Las Vegas 51s batting - Pitching for Albuquerque Isotopes : RHP Nick Butler
|
|
Pitching: RHP Nick Butler
|
|
|
Batting: RHB Jordan Martin
|
0-0: Ball 1-0: Swinging Strike 1-1: Ball 2-1: Swinging Strike 2-2: Ball 3-2: Ground out 6-3 (Groundball, 56, EV 104.4 MPH)
|
|
Batting: LHB Adam Hairston
|
0-0: Ball 1-0: Called Strike 1-1: DOUBLE (Flyball, 8RXD, EV 96.3 MPH)
|
|
Batting: SHB Josh Schultze
|
0-0: Ball 1-0: Ball 2-0: Called Strike Adam Hairston steals 3rd base 2-1: SINGLE (Groundball, 34D, EV 106.3 MPH) Adam Hairston scores
|
|
Batting: SHB Roberto Magne
|
0-0: Swinging Strike 0-1: Swinging Strike 0-2: Ball 1-2: Foul Ball, location: 2F 1-2: Ball 2-2: Ball 3-2: Strikes out looking
|
|
Batting: SHB Billy Encinias
|
0-0: Called Strike 0-1: Called Strike 0-2: Ball 1-2: Ball 2-2: SINGLE (Groundball, 34S, EV 65.0 MPH) (infield hit) Josh Schultze to second
|
|
Batting: LHB Marc Durgin
|
0-0: Called Strike 0-1: Ball 1-1: Ball 2-1: Ground out 5-3 (Groundball, 56, EV 107.5 MPH)
|
| Top of the 1st over - 1 run, 3 hits, 0 errors, 2 left on base; Las Vegas 1 - Albuquerque 0 |
| BOTTOM OF THE 1ST |
|
Albuquerque Isotopes batting - Pitching for Las Vegas 51s : RHP Felipe Hinojosa
|
|
Pitching: RHP Felipe Hinojosa
|
|
|
Batting: RHB Ron Johansen
|
0-0: Foul Ball, location: 2F 0-1: Called Strike 0-2: Foul Ball, location: 2F 0-2: Ball 1-2: SINGLE (Groundball, 4S, EV 71.9 MPH) (infield hit)
|
|
Batting: LHB Mike Staley
|
0-0: Ball 1-0: Called Strike Ron Johansen steals 2nd base 1-1: SINGLE (Flyball, 89S, EV 98.1 MPH) Ron Johansen to third
|
|
Batting: RHB Adrian Rudkilde
|
0-0: Ball 1-0: Called Strike 1-1: Ball Mike Staley steals 2nd base 2-1: Ball 3-1: Called Strike 3-2: Ground out 5-3 (Groundball, 5L, EV 102.5 MPH) Ron Johansen scores
|
|
Batting: RHB Ben Alspach
|
0-0: Ball 1-0: Ball 2-0: Ball 3-0: Called Strike 3-1: Called Strike Mike Staley steals 3rd base 3-2: Strikes out swinging
|
|
Batting: SHB Bradley Barrowcliff
|
0-0: Ball 1-0: Ball 2-0: Fly out, F9 (Line Drive, 9, EV 93.1 MPH)
|
| Bottom of the 1st over - 1 run, 2 hits, 0 errors, 1 left on base; Las Vegas 1 - Albuquerque 1 |
| TOP OF THE 2ND |
|
Las Vegas 51s batting - Pitching for Albuquerque Isotopes : RHP Nick Butler
|
|
Batting: LHB Sal Fernandez
|
0-0: Ball 1-0: Swinging Strike 1-1: Ball 2-1: Ball 3-1: Called Strike 3-2: Base on Balls
|
|
Batting: RHB Leon Edwards
|
0-0: Foul Ball, location: 2F 0-1: Ball 1-1: Fly out, F3 (Line Drive, 3, EV 66.9 MPH) Lined into DP, U3 (Line Drive, 3, EV 68.1 MPH)
|
|
Batting: RHB Yoshiro Higuchi
|
0-0: Foul Ball, location: 2F 0-1: Ball 1-1: Ground out 6-3 (Groundball, 6, EV 85.6 MPH)
|
| Top of the 2nd over - 0 runs, 0 hits, 0 errors, 0 left on base; Las Vegas 1 - Albuquerque 1 |
| BOTTOM OF THE 2ND |
|
Albuquerque Isotopes batting - Pitching for Las Vegas 51s : RHP Felipe Hinojosa
|
|
Batting: LHB Enrique Andrade
|
0-0: Ball 1-0: Ball 2-0: Ball 3-0: Base on Balls
|
|
Batting: RHB Ryan Taylor
|
0-0: Ball 1-0: Called Strike Enrique Andrade steals 2nd base (no throw) 1-1: Called Strike 1-2: Ball 2-2: Foul Ball, location: 2F 2-2: Ball 3-2: Fly out, F9 (Flyball, 9LS, EV 90.0 MPH)
|
|
Batting: RHB Bobby Heagle
|
0-0: Foul Ball, location: 2F 0-1: Ball Enrique Andrade steals 3rd base 1-1: Swinging Strike 1-2: Ball 2-2: Foul Ball, location: 2F 2-2: Ball 3-2: Base on Balls
|
|
Batting: RHB Joe Hinson
|
0-0: Ball 1-0: Ball Bobby Heagle steals 2nd base 2-0: Ball 3-0: Called Strike 3-1: Foul Ball, location: 2F 3-2: Foul Ball, location: 2F 3-2: Fly out, F9 (Flyball, 89XD, EV 102.5 MPH) Runner from 3rd tags up, SCORES, no throw by RF
|
|
Batting: RHB Ron Johansen
|
0-0: Called Strike 0-1: Ball 1-1: Foul Ball, location: 2F 1-2: Ground out 3-1 (Groundball, 34, EV 102.5 MPH)
|
| Bottom of the 2nd over - 1 run, 0 hits, 0 errors, 1 left on base; Las Vegas 1 - Albuquerque 2 |
| TOP OF THE 3RD |
|
Las Vegas 51s batting - Pitching for Albuquerque Isotopes : RHP Nick Butler
|
|
Batting: RHB Jordan Martin
|
0-0: Foul Ball, location: 2F 0-1: Fly out, F8 (Flyball, 8RD, EV 94.4 MPH)
|
|
Batting: LHB Adam Hairston
|
0-0: Ball 1-0: Ball 2-0: Foul Ball, location: 2F 2-1: Swinging Strike 2-2: Ground out 4-3 (Groundball, 34D, EV 96.9 MPH)
|
|
Batting: SHB Josh Schultze
|
0-0: Foul Ball, location: 2F 0-1: Ground out U3 (Groundball, 34, EV 102.5 MPH)
|
| Top of the 3rd over - 0 runs, 0 hits, 0 errors, 0 left on base; Las Vegas 1 - Albuquerque 2 |
| BOTTOM OF THE 3RD |
|
Albuquerque Isotopes batting - Pitching for Las Vegas 51s : RHP Felipe Hinojosa
|
|
Batting: LHB Mike Staley
|
0-0: Ball 1-0: SINGLE (Line Drive, 8LS, EV 95.6 MPH)
|
|
Batting: RHB Adrian Rudkilde
|
0-0: Foul Ball, location: 2F 0-1: Ball 1-1: Fly out, F9 (Flyball, 9LS, EV 85.0 MPH)
|
|
Batting: RHB Ben Alspach
|
0-0: Ball 1-0: Swinging Strike 1-1: Foul Ball, location: 2F 1-2: Strikes out looking
|
|
Batting: SHB Bradley Barrowcliff
|
0-0: Ball Mike Staley steals 2nd base (no throw) 1-0: Foul Ball, location: 2F 1-1: Swinging Strike 1-2: Foul Ball, location: 2F 1-2: Ball 2-2: Foul Ball, location: 2F 2-2: Fly out, F4 (Line Drive, 4, EV 71.3 MPH)
|
| Bottom of the 3rd over - 0 runs, 1 hit, 0 errors, 1 left on base; Las Vegas 1 - Albuquerque 2 |
| TOP OF THE 4TH |
|
Las Vegas 51s batting - Pitching for Albuquerque Isotopes : RHP Nick Butler
|
|
Batting: SHB Roberto Magne
|
0-0: Ball 1-0: Fly out, F9 (Flyball, 9, EV 83.1 MPH)
|
|
Batting: SHB Billy Encinias
|
0-0: Ball 1-0: Called Strike 1-1: Ball 2-1: Fly out, F5 (Popup, P, EV 83.8 MPH)
|
|
Batting: LHB Marc Durgin
|
0-0: Foul Ball, location: 2F 0-1: Ball 1-1: Ball 2-1: Foul Ball, location: 2F 2-2: Ground out 6-3 (Groundball, 6M, EV 109.4 MPH)
|
| Top of the 4th over - 0 runs, 0 hits, 0 errors, 0 left on base; Las Vegas 1 - Albuquerque 2 |
| BOTTOM OF THE 4TH |
|
Albuquerque Isotopes batting - Pitching for Las Vegas 51s : RHP Felipe Hinojosa
|
|
Batting: LHB Enrique Andrade
|
0-0: Called Strike 0-1: Fly out, F3 (Popup, 3L, EV 55.6 MPH)
|
|
Batting: RHB Ryan Taylor
|
0-0: Called Strike 0-1: Ball 1-1: Ball 2-1: Foul Ball, location: 2F 2-2: Ball 3-2: Strikes out swinging
|
|
Batting: RHB Bobby Heagle
|
0-0: Ball 1-0: Ball 2-0: Called Strike 2-1: Ball 3-1: Foul Ball, location: 2F 3-2: Base on Balls
|
|
Batting: RHB Joe Hinson
|
0-0: Called Strike Bobby Heagle steals 2nd base 0-1: Ball 1-1: Fly out, F6 (Popup, 6MS, EV 72.5 MPH)
|
| Bottom of the 4th over - 0 runs, 0 hits, 0 errors, 1 left on base; Las Vegas 1 - Albuquerque 2 |
| TOP OF THE 5TH |
|
Las Vegas 51s batting - Pitching for Albuquerque Isotopes : RHP Nick Butler
|
|
Batting: LHB Sal Fernandez
|
0-0: Ball 1-0: Ball 2-0: TRIPLE (Flyball, 78XD, EV 107.5 MPH)
|
|
Batting: RHB Leon Edwards
|
0-0: Ball 1-0: Called Strike 1-1: Called Strike 1-2: Foul Ball, location: 2F 1-2: Ball 2-2: Ball 3-2: Base on Balls
|
|
Batting: RHB Yoshiro Higuchi
|
0-0: Ball 1-0: Ball 2-0: Called Strike 2-1: Called Strike 2-2: Ball 3-2: Strikes out swinging
|
|
Batting: RHB Jordan Martin
|
0-0: Ball 1-0: Called Strike 1-1: Ball 2-1: Foul Ball, location: 2F 2-2: Foul Ball, location: 2F 2-2: Ball 3-2: Base on Balls Leon Edwards to second
|
|
Batting: LHB Adam Hairston
|
0-0: Called Strike 0-1: Swinging Strike 0-2: Ball 1-2: Ball 2-2: Ball 3-2: Strikes out swinging
|
|
Batting: SHB Josh Schultze
|
0-0: Ball 1-0: Ball 2-0: Foul Ball, location: 2F 2-1: Called Strike 2-2: Fielders Choice at 2nd, 5-4 (Groundball, 5, EV 90.0 MPH)
|
| Top of the 5th over - 0 runs, 1 hit, 0 errors, 3 left on base; Las Vegas 1 - Albuquerque 2 |
| BOTTOM OF THE 5TH |
|
Albuquerque Isotopes batting - Pitching for Las Vegas 51s : RHP Felipe Hinojosa
|
|
Batting: RHB Ron Johansen
|
0-0: Ball 1-0: Foul Ball, location: 2F 1-1: Called Strike 1-2: Ground out 5-3 (Groundball, 15, EV 82.5 MPH)
|
|
Batting: LHB Mike Staley
|
0-0: Called Strike 0-1: Ball 1-1: Ball 2-1: Ground out 6-3 (Groundball, 6, EV 83.1 MPH)
|
|
Batting: RHB Adrian Rudkilde
|
0-0: Ball 1-0: Called Strike 1-1: Ball 2-1: Ball 3-1: Base on Balls
|
|
Batting: RHB Ben Alspach
|
0-0: Called Strike Adrian Rudkilde steals 2nd base 0-1: Ball 1-1: Ground out 6-3 (Groundball, 6, EV 88.8 MPH)
|
| Bottom of the 5th over - 0 runs, 0 hits, 0 errors, 1 left on base; Las Vegas 1 - Albuquerque 2 |
| TOP OF THE 6TH |
|
Las Vegas 51s batting - Pitching for Albuquerque Isotopes : RHP Nick Butler
|
|
Pitching: LHP Dario Rios
|
|
|
Batting: SHB Roberto Magne
|
0-0: Foul Ball, location: 2F 0-1: Fly out, F9 (Flyball, 9D, EV 101.9 MPH)
|
|
Batting: SHB Billy Encinias
|
0-0: Ball 1-0: Ball 2-0: Foul Ball, location: 2F 2-1: SINGLE (Line Drive, 8RS, EV 98.8 MPH)
|
|
Pinch Hitting: RHB Edgar Franco
|
0-0: Ball 1-0: Called Strike Billy Encinias steals 2nd base 1-1: SINGLE (Groundball, 6MD, EV 105.0 MPH) Billy Encinias to third Runner from 3rd tries for Home, SAFE, throw by CF to home
|
|
Batting: LHB Sal Fernandez
|
0-0: Grounds into double play, 4-6-3 (Groundball, 4, EV 103.1 MPH)
|
| Top of the 6th over - 1 run, 2 hits, 0 errors, 0 left on base; Las Vegas 2 - Albuquerque 2 |
| BOTTOM OF THE 6TH |
|
Albuquerque Isotopes batting - Pitching for Las Vegas 51s : RHP Felipe Hinojosa
|
|
Pitching: RHP Justin Overlie
|
|
|
Now in LF: Mike Titus
|
|
|
Batting: SHB Bradley Barrowcliff
|
0-0: Ball 1-0: Ball 2-0: Ball 3-0: Called Strike 3-1: DOUBLE (Flyball, 8RXD, EV 95.0 MPH)
|
|
Batting: LHB Enrique Andrade
|
0-0: Ball 1-0: Called Strike 1-1: Swinging Strike 1-2: Ball 2-2: Strikes out swinging
|
|
Batting: RHB Ryan Taylor
|
0-0: Ball 1-0: Called Strike 1-1: Ball 2-1: Foul Ball, location: 2F 2-2: Foul Ball, location: 2F 2-2: Ground out 6-3 (Groundball, 6, EV 86.3 MPH) Bradley Barrowcliff to third
|
|
Batting: RHB Bobby Heagle
|
0-0: Ball 1-0: Ball 2-0: Called Strike 2-1: Foul Ball, location: 2F 2-2: Foul Ball, location: 2F 2-2: Foul Ball, location: 2F 2-2: Foul Ball, location: 2F 2-2: Ball 3-2: Foul Ball, location: 2F 3-2: Foul Ball, location: 2F 3-2: Base on Balls
|
|
Batting: RHB Joe Hinson
|
0-0: Called Strike 0-1: Ball 1-1: Ball 2-1: Ground out 4-3 (Groundball, 34, EV 99.4 MPH)
|
| Bottom of the 6th over - 0 runs, 1 hit, 0 errors, 2 left on base; Las Vegas 2 - Albuquerque 2 |
| TOP OF THE 7TH |
|
Las Vegas 51s batting - Pitching for Albuquerque Isotopes : LHP Dario Rios
|
|
Batting: RHB Leon Edwards
|
0-0: Called Strike 0-1: Reached on error, E6 (Groundball, 56, EV 88.8 MPH)
|
|
Batting: RHB Yoshiro Higuchi
|
0-0: Ground out 5-3 (Groundball, 56S, EV 72.5 MPH) Leon Edwards to third
|
|
Batting: RHB Jordan Martin
|
0-0: Ball 1-0: Ball 2-0: Ball 3-0: Base on Balls
|
|
Pinch Hitting: SHB Lewis Thorpe Jr.
|
0-0: Foul Ball, location: 2F 0-1: Ball 1-1: Called Strike Pickoff Throw to First - Out! 1-3 1-2: Foul Ball, location: 2F 1-2: SINGLE (Groundball, 6MS, EV 71.3 MPH) (infield hit) Leon Edwards scores
|
|
Batting: SHB Josh Schultze
|
0-0: Ball Lewis Thorpe Jr. steals 2nd base 1-0: Foul Ball, location: 2F 1-1: Ball 2-1: Ball 3-1: Called Strike 3-2: Foul Ball, location: 2F 3-2: Foul Ball, location: 2F 3-2: Foul Ball, location: 2F 3-2: Ground out 5-3 (Groundball, 56, EV 105.6 MPH)
|
| Top of the 7th over - 1 run, 1 hit, 1 error, 1 left on base; Las Vegas 3 - Albuquerque 2 |
| BOTTOM OF THE 7TH |
|
Albuquerque Isotopes batting - Pitching for Las Vegas 51s : RHP Justin Overlie
|
|
Pitching: RHP Paul Schaecher
|
|
|
Now at 1B: Sal Fernandez
|
|
|
Now in CF: Lewis Thorpe Jr.
|
|
|
Batting: RHB Ron Johansen
|
0-0: Ball 1-0: Called Strike 1-1: Ball 2-1: Foul Ball, location: 2F 2-2: Ball 3-2: Base on Balls
|
|
Batting: LHB Mike Staley
|
0-0: Ball 1-0: Ball 2-0: Bunt - Flyout to 13S! F1
|
|
Batting: RHB Adrian Rudkilde
|
0-0: Ball 1-0: Ball 2-0: SINGLE (Groundball, 34D, EV 101.9 MPH) Ron Johansen to second Runner from 2nd tries for 3rd, SAFE, throw by RF made to third
|
|
Pinch Hitting: LHB Tony Morales
|
0-0: Ball 1-0: Ball Adrian Rudkilde is caught stealing 2nd base 2-6 2-0: Ball 3-0: Called Strike 3-1: Foul Ball, location: 2F 3-2: Fly out, F8 (Flyball, 8RM, EV 93.8 MPH)
|
| Bottom of the 7th over - 0 runs, 1 hit, 0 errors, 1 left on base; Las Vegas 3 - Albuquerque 2 |
| TOP OF THE 8TH |
|
Las Vegas 51s batting - Pitching for Albuquerque Isotopes : LHP Dario Rios
|
|
Pitching: LHP Waldemar van der Sluijs
|
|
|
Now at 3B: Jerry Castro
|
|
|
Batting: SHB Roberto Magne
|
0-0: DOUBLE (Line Drive, 9LM, EV 114.4 MPH)
|
|
Batting: SHB Billy Encinias
|
0-0: Intentional Walk
|
|
Batting: RHB Mike Titus
|
0-0: Ball 1-0: Called Strike 1-1: Swinging Strike 1-2: Strikes out swinging
|
|
Batting: LHB Sal Fernandez
|
0-0: Called Strike 0-1: Swinging Strike 0-2: Foul Ball, location: 2F 0-2: Fly out, F7 (Flyball, 7LM, EV 90.0 MPH)
|
|
Batting: RHB Leon Edwards
|
0-0: Ball 1-0: Foul Ball, location: 2F 1-1: Ball 2-1: Ball 3-1: Base on Balls Roberto Magne to third Billy Encinias to second
|
|
Batting: RHB Yoshiro Higuchi
|
0-0: Called Strike 0-1: Swinging Strike 0-2: Ball 1-2: Ball 2-2: Foul Ball, location: 2F 2-2: Foul Ball, location: 2F 2-2: Ball 3-2: Foul Ball, location: 2F 3-2: Foul Ball, location: 2F 3-2: Ground out 4-3 (Groundball, 34, EV 101.3 MPH)
|
| Top of the 8th over - 0 runs, 1 hit, 0 errors, 3 left on base; Las Vegas 3 - Albuquerque 2 |
| BOTTOM OF THE 8TH |
|
Albuquerque Isotopes batting - Pitching for Las Vegas 51s : RHP Paul Schaecher
|
|
Batting: SHB Bradley Barrowcliff
|
0-0: Swinging Strike 0-1: Ball 1-1: Called Strike 1-2: Ball 2-2: Ball 3-2: Base on Balls
|
|
Batting: LHB Enrique Andrade
|
0-0: Ball 1-0: Sac Bunt to 13S - play at first, batter OUT! 1-4 Bradley Barrowcliff to second
|
|
Pinch Hitting: LHB Katsunan Akimoto
|
0-0: Ball 1-0: Foul Ball, location: 2F 1-1: Foul Ball, location: 2F 1-2: SINGLE (Groundball, 56D, EV 110.0 MPH) Bradley Barrowcliff to third
|
|
Batting: RHB Bobby Heagle
|
0-0: Fly out, F9 (Line Drive, 9D, EV 93.1 MPH) Runner from 3rd tags up, SCORES, no throw by RF
|
|
Batting: RHB Joe Hinson
|
0-0: Ball 1-0: Ball 2-0: Ball 3-0: Base on Balls Katsunan Akimoto to second
|
|
Batting: RHB Ron Johansen
|
0-0: Called Strike 0-1: Ball 1-1: Swinging Strike 1-2: Ball 2-2: Strikes out swinging
|
| Bottom of the 8th over - 1 run, 1 hit, 0 errors, 2 left on base; Las Vegas 3 - Albuquerque 3 |
| TOP OF THE 9TH |
|
Las Vegas 51s batting - Pitching for Albuquerque Isotopes : LHP Waldemar van der Sluijs
|
|
Pitching: RHP Ernie Schmutz
|
|
|
Now in LF: Nate Carrell
|
|
|
Now in CF: Mike Staley
|
|
|
Batting: RHB Jordan Martin
|
0-0: Ball 1-0: Called Strike 1-1: Fly out, F7 (Line Drive, 7, EV 86.3 MPH)
|
|
Batting: SHB Lewis Thorpe Jr.
|
0-0: Called Strike 0-1: Ball 1-1: SINGLE (Flyball, 6D, EV 91.3 MPH)
|
|
Batting: SHB Josh Schultze
|
0-0: Ball Lewis Thorpe Jr. steals 2nd base 1-0: Ball 2-0: Ball 3-0: Called Strike 3-1: Base on Balls
|
|
Batting: SHB Roberto Magne
|
0-0: Called Strike 0-1: Ball 1-1: Foul Ball, location: 2F 1-2: Ball 2-2: Ball 3-2: Base on Balls Lewis Thorpe Jr. to third Josh Schultze to second
|
|
Batting: SHB Billy Encinias
|
0-0: Ball 1-0: Foul Ball, location: 2F 1-1: Foul Ball, location: 2F 1-2: SINGLE (Line Drive, 7LS, EV 109.4 MPH) Lewis Thorpe Jr. scores Josh Schultze to third Roberto Magne to second
|
|
Batting: RHB Mike Titus
|
0-0: Called Strike 0-1: Ball 1-1: Ball 2-1: Fly out, F7 (Line Drive, 7, EV 101.9 MPH)
|
|
Batting: LHB Sal Fernandez
|
0-0: Ball 1-0: Called Strike 1-1: Called Strike 1-2: Ball 2-2: Strikes out swinging
|
| Top of the 9th over - 1 run, 2 hits, 0 errors, 3 left on base; Las Vegas 4 - Albuquerque 3 |
| BOTTOM OF THE 9TH |
|
Albuquerque Isotopes batting - Pitching for Las Vegas 51s : RHP Paul Schaecher
|
|
Pitching: RHP Ben Dicks
|
|
|
Now at 1B: Masaya Nakamura
|
|
|
Now in LF: Sal Fernandez
|
|
|
Batting: LHB Mike Staley
|
0-0: Foul Ball, location: 2F 0-1: Foul Ball, location: 2F 0-2: Ball 1-2: SINGLE (Groundball, 34, EV 96.3 MPH)
|
|
Batting: RHB Adrian Rudkilde
|
0-0: Ball 1-0: Called Strike 1-1: Ball 2-1: Foul Ball, location: 2F 2-2: Ball 3-2: Fly out, F7 (Flyball, 78D, EV 98.1 MPH)
|
|
Batting: RHB Jerry Castro
|
0-0: Ball 1-0: Ball 2-0: Ball 3-0: Base on Balls Mike Staley to second
|
|
Batting: SHB Bradley Barrowcliff
|
0-0: Called Strike 0-1: 3-RUN HOME RUN (Flyball, 9D, EV 105.6 MPH), Distance : 401 ft
|
| Bottom of the 9th over - 3 runs, 2 hits, 0 errors, 0 left on base; Las Vegas 4 - Albuquerque 6 |
| |
|
Game Over ... Albuquerque defeats Las Vegas, 6 to 4
|
|
|